TOP OF THE 1ST |
Mahoning Valley Scrappers batting - Pitching for Spokane Indians : RHP Malibok Fflunker
|
Pitching: RHP Malibok Fflunker
|
|
Batting: RHB Kenzo Shinoda
|
0-0: Ball 1-0: Ball 2-0: Called Strike 2-1: Ball 3-1: Called Strike 3-2: Foul Ball, location: 2F 3-2: Foul Ball, location: 2F 3-2: Ground out 4-3 (Groundball, 34, EV 87.5 MPH)
|
Batting: RHB John Bianconi
|
0-0: Foul Ball, location: 2F 0-1: Ground out 1-3 (Groundball, 15S, EV 76.2 MPH)
|
Batting: LHB Shane Montalvo
|
0-0: Ball 1-0: Called Strike 1-1: Ground out 4-3 (Groundball, 4, EV 106.2 MPH)
|
Top of the 1st over - 0 runs, 0 hits, 0 errors, 0 left on base; Mahoning Valley 0 - Spokane 0 |
BOTTOM OF THE 1ST |
Spokane Indians batting - Pitching for Mahoning Valley Scrappers : RHP Mario del Rio
|
Pitching: RHP Mario del Rio
|
|
Batting: LHB Gabriel Graves
|
0-0: Called Strike 0-1: Ball 1-1: Fly out, F8 (Flyball, 8LM, EV 93.8 MPH)
|
Batting: SHB Josh Schultze
|
0-0: Foul Ball, location: 2F 0-1: Foul Ball, location: 2F 0-2: Ball 1-2: Ball 2-2: DOUBLE (Line Drive, 7LS, EV 90.6 MPH)
|
Batting: LHB Bill Armijo
|
0-0: Called Strike 0-1: Called Strike 0-2: Ground out 4-3 (Groundball, 4S, EV 61.2 MPH) Josh Schultze to third
|
Batting: LHB Mike Sammons
|
0-0: Foul Ball, location: 2F 0-1: Ball 1-1: Foul Ball, location: 2F 1-2: Ball 2-2: Foul Ball, location: 2F 2-2: Fly out, F8 (Flyball, 8LS, EV 87.5 MPH)
|
Bottom of the 1st over - 0 runs, 1 hit, 0 errors, 1 left on base; Mahoning Valley 0 - Spokane 0 |
TOP OF THE 2ND |
Mahoning Valley Scrappers batting - Pitching for Spokane Indians : RHP Malibok Fflunker
|
Batting: SHB Travis Burnett
|
0-0: DOUBLE (Flyball, 8LXD, EV 107.5 MPH) - OUT at third base trying to stretch hit.
|
Batting: RHB Andy Lewis
|
0-0: Ball 1-0: Called Strike 1-1: Called Strike 1-2: Foul Ball, location: 2F 1-2: Ground out 5-3 (Groundball, 56, EV 87.5 MPH)
|
Batting: RHB Ricky Cordova
|
0-0: Ball 1-0: Called Strike 1-1: Ball 2-1: Fly out, F8 (Flyball, 8RD, EV 107.5 MPH)
|
Top of the 2nd over - 0 runs, 1 hit, 0 errors, 0 left on base; Mahoning Valley 0 - Spokane 0 |
BOTTOM OF THE 2ND |
Spokane Indians batting - Pitching for Mahoning Valley Scrappers : RHP Mario del Rio
|
Batting: SHB Kaname Fujimoto
|
0-0: Ball 1-0: Called Strike 1-1: Ball 2-1: Foul Ball, location: 2F 2-2: Foul Ball, location: 2F 2-2: DOUBLE (Line Drive, 9LD, EV 103.1 MPH)
|
Batting: LHB Dave Doughty
|
0-0: Ball 1-0: Ball Wild Pitch! Kaname Fujimoto to third 2-0: Called Strike 2-1: Called Strike 2-2: Ball 3-2: Fly out, F9 (Flyball, 9, EV 88.1 MPH)
|
Batting: RHB Herb Craig
|
0-0: Ball 1-0: Foul Ball, location: 2F 1-1: Ball 2-1: Ground out 4-3 (Groundball, 4M, EV 81.9 MPH) Kaname Fujimoto scores
|
Batting: RHB Daniel Barger
|
0-0: Called Strike 0-1: Foul Ball, location: 2F 0-2: Ball 1-2: Foul Ball, location: 2F 1-2: Strikes out swinging
|
Bottom of the 2nd over - 1 run, 1 hit, 0 errors, 0 left on base; Mahoning Valley 0 - Spokane 1 |
TOP OF THE 3RD |
Mahoning Valley Scrappers batting - Pitching for Spokane Indians : RHP Malibok Fflunker
|
Batting: LHB Esteban Cordova
|
0-0: Ball 1-0: Called Strike 1-1: Foul Ball, location: 2F 1-2: Strikes out swinging, 2-3 out at first.
|
Batting: RHB Anibal Casteles
|
0-0: Ball 1-0: Ball 2-0: Called Strike 2-1: Foul Ball, location: 2F 2-2: Strikes out swinging
|
Batting: RHB Luis Roman
|
0-0: Called Strike 0-1: Foul Ball, location: 2F 0-2: Ball 1-2: Strikes out looking
|
Top of the 3rd over - 0 runs, 0 hits, 0 errors, 0 left on base; Mahoning Valley 0 - Spokane 1 |
BOTTOM OF THE 3RD |
Spokane Indians batting - Pitching for Mahoning Valley Scrappers : RHP Mario del Rio
|
Batting: RHB Luis Reyna
|
0-0: Foul Ball, location: 2F 0-1: Ball 1-1: Swinging Strike 1-2: Ball 2-2: Foul Ball, location: 2F 2-2: SINGLE (Flyball, 89S, EV 90.6 MPH)
|
Batting: LHB Gabriel Graves
|
0-0: Ball 1-0: Called Strike Luis Reyna is caught stealing 2nd base 2-6 1-1: Ground out U3 (Groundball, 3, EV 95.0 MPH)
|
Batting: SHB Josh Schultze
|
0-0: Called Strike 0-1: Ball 1-1: Foul Ball, location: 2F 1-2: Foul Ball, location: 2F 1-2: Ball 2-2: Ball 3-2: SINGLE (Groundball, 4MD, EV 98.1 MPH)
|
Batting: LHB Bill Armijo
|
0-0: Called Strike 0-1: Foul Ball, location: 2F 0-2: Ball 1-2: Fielders Choice at 2nd, 5-4 (Groundball, 6, EV 93.1 MPH)
|
Bottom of the 3rd over - 0 runs, 2 hits, 0 errors, 1 left on base; Mahoning Valley 0 - Spokane 1 |
TOP OF THE 4TH |
Mahoning Valley Scrappers batting - Pitching for Spokane Indians : RHP Malibok Fflunker
|
Batting: RHB Kenzo Shinoda
|
0-0: Ball 1-0: Ball 2-0: Foul Ball, location: 2F 2-1: Ground out 6-3 (Groundball, 6, EV 83.1 MPH)
|
Batting: RHB John Bianconi
|
0-0: Called Strike 0-1: Foul Ball, location: 2F 0-2: Ball 1-2: Foul Ball, location: 2F 1-2: Strikes out swinging
|
Batting: LHB Shane Montalvo
|
0-0: Called Strike 0-1: Called Strike 0-2: Foul Ball, location: 2F 0-2: Ball 1-2: Ground out U3 (Groundball, 3L, EV 98.8 MPH)
|
Top of the 4th over - 0 runs, 0 hits, 0 errors, 0 left on base; Mahoning Valley 0 - Spokane 1 |
BOTTOM OF THE 4TH |
Spokane Indians batting - Pitching for Mahoning Valley Scrappers : RHP Mario del Rio
|
Batting: LHB Mike Sammons
|
0-0: Ball 1-0: Ball 2-0: Foul Ball, location: 2F 2-1: Ground out 1-3 (Groundball, 23, EV 71.2 MPH)
|
Batting: SHB Kaname Fujimoto
|
0-0: Ball 1-0: Foul Ball, location: 2F 1-1: Swinging Strike 1-2: Ball 2-2: Strikes out swinging
|
Batting: LHB Dave Doughty
|
0-0: Ball 1-0: Called Strike 1-1: Foul Ball, location: 2F 1-2: DOUBLE (Line Drive, 7LS, EV 93.1 MPH)
|
Batting: RHB Herb Craig
|
0-0: Ball Wild Pitch! Dave Doughty to third 1-0: Ground out 4-3 (Groundball, 4, EV 95.0 MPH)
|
Bottom of the 4th over - 0 runs, 1 hit, 0 errors, 1 left on base; Mahoning Valley 0 - Spokane 1 |
TOP OF THE 5TH |
Mahoning Valley Scrappers batting - Pitching for Spokane Indians : RHP Malibok Fflunker
|
Batting: SHB Travis Burnett
|
0-0: Called Strike 0-1: Ball 1-1: Ball 2-1: Ball 3-1: Called Strike 3-2: Strikes out swinging
|
Batting: RHB Andy Lewis
|
0-0: Ball 1-0: Called Strike 1-1: Called Strike 1-2: Strikes out swinging
|
Batting: RHB Ricky Cordova
|
0-0: Called Strike 0-1: Ball 1-1: Foul Ball, location: 2F 1-2: Strikes out swinging
|
Top of the 5th over - 0 runs, 0 hits, 0 errors, 0 left on base; Mahoning Valley 0 - Spokane 1 |
BOTTOM OF THE 5TH |
Spokane Indians batting - Pitching for Mahoning Valley Scrappers : RHP Mario del Rio
|
Batting: RHB Daniel Barger
|
0-0: Ball 1-0: Foul Ball, location: 2F 1-1: Ground out 5-3 (Groundball, 56, EV 88.8 MPH)
|
Batting: RHB Luis Reyna
|
0-0: Called Strike 0-1: Called Strike 0-2: Ball 1-2: Ball 2-2: Foul Ball, location: 2F 2-2: Foul Ball, location: 2F 2-2: Fly out, F9 (Flyball, 89M, EV 85.0 MPH)
|
Batting: LHB Gabriel Graves
|
0-0: Called Strike 0-1: SOLO HOME RUN (Flyball, 9D, EV 96.2 MPH), Distance : 361 ft
|
Batting: SHB Josh Schultze
|
0-0: Fly out, F8 (Flyball, 78M, EV 72.5 MPH)
|
Bottom of the 5th over - 1 run, 1 hit, 0 errors, 0 left on base; Mahoning Valley 0 - Spokane 2 |
TOP OF THE 6TH |
Mahoning Valley Scrappers batting - Pitching for Spokane Indians : RHP Malibok Fflunker
|
Batting: LHB Esteban Cordova
|
0-0: Ball 1-0: Foul Ball, location: 2F 1-1: Foul Ball, location: 2F 1-2: Ball 2-2: Foul Ball, location: 2F 2-2: SINGLE (Flyball, 56D, EV 89.4 MPH)
|
Batting: RHB Anibal Casteles
|
0-0: Hit by Pitch Esteban Cordova to second
|
Batting: RHB Luis Roman
|
0-0: Called Strike 0-1: Ball 1-1: SINGLE (Groundball, 6D, EV 101.2 MPH) Esteban Cordova to third Anibal Casteles to second
|
Pitching: LHP Mario Castro
|
|
Batting: RHB Kenzo Shinoda
|
0-0: Ball 1-0: Fly out, F9 (Flyball, 9LM, EV 88.8 MPH) Lined into DP, 9-5 (Flyball, 9LM, EV 88.8 MPH)
|
Batting: RHB John Bianconi
|
0-0: Ball 1-0: Swinging Strike 1-1: Foul Ball, location: 2F 1-2: Strikes out swinging
|
Top of the 6th over - 0 runs, 2 hits, 0 errors, 2 left on base; Mahoning Valley 0 - Spokane 2 |
BOTTOM OF THE 6TH |
Spokane Indians batting - Pitching for Mahoning Valley Scrappers : RHP Mario del Rio
|
Pitching: RHP Bill Snyder
|
|
Batting: LHB Bill Armijo
|
0-0: Swinging Strike 0-1: Swinging Strike 0-2: Foul Ball, location: 2F 0-2: Ball 1-2: Foul Ball, location: 2F 1-2: Strikes out swinging
|
Batting: LHB Mike Sammons
|
0-0: Foul Ball, location: 2F 0-1: SINGLE (Groundball, 6S, EV 70.6 MPH) (infield hit)
|
Batting: SHB Kaname Fujimoto
|
0-0: Ball 1-0: DOUBLE (Line Drive, 5D, EV 96.9 MPH) Mike Sammons to third
|
Batting: LHB Dave Doughty
|
0-0: Foul Ball, location: 2F 0-1: Foul Ball, location: 2F 0-2: Foul Ball, location: 2F 0-2: TRIPLE (Flyball, 89XD, EV 103.8 MPH) Mike Sammons scores Kaname Fujimoto scores
|
Batting: RHB Herb Craig
|
0-0: Called Strike 0-1: Ball 1-1: Fly out, F3 (Popup, 23F, EV 84.4 MPH)
|
Batting: RHB Daniel Barger
|
0-0: Ball 1-0: Ball 2-0: Fly out, F8 (Flyball, 8LM, EV 83.1 MPH)
|
Bottom of the 6th over - 2 runs, 3 hits, 0 errors, 1 left on base; Mahoning Valley 0 - Spokane 4 |
TOP OF THE 7TH |
Mahoning Valley Scrappers batting - Pitching for Spokane Indians : LHP Mario Castro
|
Now at 1B: Herb Craig
|
|
Now at SS: Rafael Medina
|
|
Now in LF: Matt Strong
|
|
Batting: LHB Shane Montalvo
|
0-0: Ball 1-0: Called Strike 1-1: Called Strike 1-2: Strikes out swinging
|
Batting: SHB Travis Burnett
|
0-0: Ball 1-0: Ground out 5-3 (Groundball, 56, EV 105.0 MPH)
|
Batting: RHB Andy Lewis
|
0-0: SINGLE (Line Drive, 6D, EV 105.6 MPH)
|
Batting: RHB Ricky Cordova
|
0-0: Called Strike 0-1: Swinging Strike 0-2: Foul Ball, location: 2F 0-2: Foul Ball, location: 2F 0-2: Foul Ball, location: 2F 0-2: Ball 1-2: Ball 2-2: Ball 3-2: Base on Balls Andy Lewis to second
|
Batting: LHB Esteban Cordova
|
0-0: Ball 1-0: Swinging Strike 1-1: Foul Ball, location: 2F 1-2: Ball Wild Pitch! Andy Lewis to third Ricky Cordova to second 2-2: Fly out, F6 (Line Drive, 6, EV 66.9 MPH)
|
Top of the 7th over - 0 runs, 1 hit, 0 errors, 2 left on base; Mahoning Valley 0 - Spokane 4 |
BOTTOM OF THE 7TH |
Spokane Indians batting - Pitching for Mahoning Valley Scrappers : RHP Bill Snyder
|
Pitching: RHP Ian Nordquist
|
|
Batting: RHB Matt Strong
|
0-0: Swinging Strike 0-1: Foul Ball, location: 2F 0-2: DOUBLE (Flyball, 8LXD, EV 103.8 MPH)
|
Batting: LHB Gabriel Graves
|
0-0: Foul Ball, location: 2F 0-1: Ball 1-1: Foul Ball, location: 2F 1-2: Ball 2-2: Ground out 6-3 (Groundball, 6S, EV 85.6 MPH) Matt Strong to third
|
Batting: SHB Josh Schultze
|
0-0: Called Strike 0-1: Ball 1-1: Ball 2-1: 2-RUN HOME RUN (Flyball, 9D, EV 93.8 MPH), Distance : 360 ft
|
Batting: LHB Bill Armijo
|
0-0: Called Strike 0-1: Foul Ball, location: 2F 0-2: Ball 1-2: Ball 2-2: Ground out 5-3 (Groundball, 56D, EV 81.2 MPH)
|
Batting: LHB Mike Sammons
|
0-0: Ball 1-0: Ball 2-0: Ball 3-0: Foul Ball, location: 2F 3-1: Base on Balls
|
Pitching: RHP Chris Cohen
|
|
Batting: RHB Rafael Medina
|
0-0: Fly out, F9 (Line Drive, 9S, EV 105.6 MPH)
|
Bottom of the 7th over - 2 runs, 2 hits, 0 errors, 1 left on base; Mahoning Valley 0 - Spokane 6 |
TOP OF THE 8TH |
Mahoning Valley Scrappers batting - Pitching for Spokane Indians : LHP Mario Castro
|
Batting: RHB Anibal Casteles
|
0-0: Swinging Strike 0-1: Foul Ball, location: 2F 0-2: Strikes out swinging
|
Batting: RHB Luis Roman
|
0-0: Ball 1-0: Swinging Strike 1-1: Ball 2-1: Fly out, F8 (Flyball, 8LS, EV 90.0 MPH)
|
Batting: RHB Kenzo Shinoda
|
0-0: Ball 1-0: Ball 2-0: Swinging Strike 2-1: Foul Ball, location: 2F 2-2: Strikes out swinging, 2-3 out at first.
|
Top of the 8th over - 0 runs, 0 hits, 0 errors, 0 left on base; Mahoning Valley 0 - Spokane 6 |
BOTTOM OF THE 8TH |
Spokane Indians batting - Pitching for Mahoning Valley Scrappers : RHP Chris Cohen
|
Batting: LHB Dave Doughty
|
0-0: Called Strike 0-1: Foul Ball, location: 2F 0-2: Ball 1-2: Ball 2-2: Foul Ball, location: 2F 2-2: SINGLE (Groundball, 34D, EV 102.5 MPH)
|
Batting: RHB Herb Craig
|
0-0: Ball 1-0: Foul Ball, location: 2F 1-1: Ball Dave Doughty steals 2nd base 2-1: Ball 3-1: SINGLE (Flyball, 89S, EV 96.2 MPH) Dave Doughty to third
|
Batting: RHB Daniel Barger
|
0-0: Called Strike 0-1: Swinging Strike 0-2: Ball 1-2: Foul Ball, location: 2F 1-2: Foul Ball, location: 2F 1-2: Ball Herb Craig is caught stealing 2nd base 2-4 2-2: Ball 3-2: Base on Balls
|
Batting: RHB Matt Strong
|
0-0: Ball 1-0: Ball 2-0: Ball 3-0: Called Strike 3-1: Foul Ball, location: 2F 3-2: Base on Balls Daniel Barger to second
|
Batting: LHB Gabriel Graves
|
0-0: Swinging Strike 0-1: Ball 1-1: Ball 2-1: Called Strike 2-2: Ball 3-2: Base on Balls Dave Doughty scores Daniel Barger to third Matt Strong to second
|
Batting: SHB Josh Schultze
|
0-0: Swinging Strike 0-1: Foul Ball, location: 2F 0-2: Strikes out swinging
|
Batting: LHB Bill Armijo
|
0-0: Swinging Strike 0-1: Called Strike 0-2: Ball 1-2: SINGLE (Groundball, 6, EV 101.2 MPH) Daniel Barger scores Matt Strong to third Gabriel Graves to second Runner from 3rd tries for Home, SAFE, throw by CF to home
|
Batting: LHB Mike Sammons
|
0-0: Swinging Strike 0-1: SINGLE (Groundball, 4MD, EV 97.5 MPH) Gabriel Graves to third Bill Armijo to second Runner from 3rd tries for Home, SAFE, throw by CF to home
|
Pitching: LHP Jordan Leon
|
|
Batting: RHB Rafael Medina
|
0-0: Ball 1-0: Ball 2-0: Ball 3-0: Called Strike 3-1: Base on Balls Bill Armijo to third Mike Sammons to second
|
Batting: LHB Dave Doughty
|
0-0: Ball 1-0: Ball 2-0: Foul Ball, location: 2F 2-1: Called Strike 2-2: Foul Ball, location: 2F 2-2: Strikes out swinging
|
Bottom of the 8th over - 4 runs, 4 hits, 0 errors, 3 left on base; Mahoning Valley 0 - Spokane 10 |
TOP OF THE 9TH |
Mahoning Valley Scrappers batting - Pitching for Spokane Indians : LHP Mario Castro
|
Pinch Hitting: RHB Carlos Munos
|
0-0: Called Strike 0-1: Ball 1-1: Ball 2-1: Foul Ball, location: 2F 2-2: Ball 3-2: Foul Ball, location: 2F 3-2: Ground out 5-3 (Groundball, 56S, EV 85.6 MPH)
|
Pinch Hitting: RHB Antonio Oyola
|
0-0: Called Strike 0-1: Foul Ball, location: 2F 0-2: Foul Ball, location: 2F 0-2: Ball 1-2: Ball 2-2: Foul Ball, location: 2F 2-2: Strikes out swinging
|
Pinch Hitting: SHB Darius Vinson
|
0-0: Called Strike 0-1: Ball 1-1: Called Strike 1-2: Strikes out swinging
|
Top of the 9th over - 0 runs, 0 hits, 0 errors, 0 left on base; Mahoning Valley 0 - Spokane 10 |
|